 Dungeon Crawl Stone Soup version 0.30-a0-3-gc9032a9cac (webtiles) character file.

Game seed: 4676490910163027274

137 BritishOli the Trooper (level 5, -3/42 HPs)
             Began as a Demonspawn Fighter on Aug 20, 2022.
             Slain by an ogre
             ... wielding a +0 giant spiked club
              (27 damage)
             ... on level 3 of the Dungeon.
             The game lasted 00:01:52 (2763 turns).

BritishOli the Trooper (Demonspawn Fighter)         Turns: 2763, Time: 00:01:53

Health: -3/42      AC:  6    Str: 18    XL:     5   Next: 0%
Magic:  5/5        EV:  9    Int:  9    God:
Gold:   69         SH:  5    Dex: 13    Spells: 4/4 levels left

rFire   . . .      SeeInvis .    a - +0 long sword
rCold   . . .      Faith    .    c - +0 buckler
rNeg    . . .      Spirit   .    b - +0 scale mail
rPois   .          Reflect  .    (helmet restricted)
rElec   .          Harm     .    (no cloak)
rCorr   .          Rampage  .    (no gloves)
Will    .....                    (no boots)
Stlth   ..........               (no amulet)
HPRegen 0.14/turn                (no ring)
MPRegen 0.09/turn                (no ring)

@: no status effects
A: antennae 1
a: no special abilities


You were on level 3 of the Dungeon.
You visited 1 branch of the dungeon, and saw 3 of its levels.

You collected 69 gold pieces.

Inventory:

Hand Weapons
 a - a +0 long sword (weapon)
Armour
 b - a +0 scale mail (worn)
 c - a +0 buckler (worn)
Wands
 n - a wand of digging (4)
Scrolls
 e - a scroll of teleportation {unknown}
 f - 3 scrolls of identify {unknown}
 g - a scroll of silence {unknown}
 h - a scroll of blinking {unknown}
 j - a scroll of amnesia {unknown}
 k - a scroll of poison {unknown}
 p - a scroll of vulnerability {unknown}
 r - a scroll of acquirement {unknown}
Potions
 d - 2 potions of might
 i - a potion of haste {unknown}
 l - a potion of flight {unknown}
 m - a potion of resistance {unknown}
 o - 2 potions of curing {unknown}
 q - a potion of ambrosia {unknown}


   Skills:
 + Level 3.8 Fighting
 + Level 2.7 Long Blades
 + Level 3.4 Armour
 + Level 3.4 Shields


You had 4 spell levels left.
You didn't know any spells.
Your spell library was empty.

Dungeon Overview and Level Annotations

Branches:
Dungeon (3/15)

Altars:

Shops:
D:2 ?


Innate Abilities, Weirdness & Mutations

You have a pair of small antennae on your head.


Message History

A goblin comes into view. It is wielding a +0 club.
The goblin shouts!
A goblin is nearby!
A goblin is nearby!
Found 11 gold pieces.
A goblin is nearby!
The goblin closely misses you.
A goblin is nearby!
You hit the goblin.
The goblin is severely wounded.
You block the goblin's attack. The goblin hits you but does no damage.
You hit the goblin.
You kill the goblin!
You have reached level 5!
You now have 69 gold pieces (gained 11).
You open the door.
There is an open door here.
An ogre comes into view. It is wielding a +0 giant spiked club.
The ogre shouts!
An ogre is nearby!
An ogre is nearby!
The ogre closely misses you.
An ogre is nearby!
You hit the ogre.
The ogre is lightly wounded.
The ogre barely misses you.
An ogre is nearby!
You hit the ogre.
The ogre is moderately wounded.
The ogre barely misses you.
You slash the ogre!
The ogre is heavily wounded.
You hit the ogre.
The ogre is heavily wounded.
The ogre hits you with a +0 giant spiked club!!
You hit the ogre.
The ogre is severely wounded.
The ogre hits you with a +0 giant spiked club!!
Ouch! That really hurt!
You die...

### #.. #.# #.#
### #O# .... #@#
.....##.######.
...............
#.....##.######.
#.....##'######
#.............#
#.............#
.............#
.............#


You could see an ogre.

Vanquished Creatures
  7 adders
  A worm (D:2)
  A dart slug (D:1)
  3 orcs (D:3)
  5 ball pythons
  5 bats
  6 endoplasms (D:1)
  2 giant cockroaches (D:1)
  4 goblins
  4 hobgoblins
  4 jackals
  4 quokkas
  10 frilled lizards
  4 kobolds
  3 rats (D:1)
63 creatures vanquished.

Notes
Turn   | Place    | Note
-------+----------+-------------------------------------------
     0 | D:1      | BritishOli the Demonspawn Fighter began the quest for the
                  | Orb.
     0 | D:1      | Reached XP level 1. HP: 18/18 MP: 1/1
   219 | D:1      | Gained mutation: You have a pair of small antennae on your
                  | head. [demonic ancestry]
   219 | D:1      | Reached XP level 2. HP: 24/24 MP: 2/2
   815 | D:1      | Reached XP level 3. HP: 29/29 MP: 3/3
  1551 | D:2      | Found Girhuele's Magic Scroll Shoppe.
  1566 | D:2      | Reached XP level 4. HP: 35/35 MP: 4/4
  1597 | D:2      | Found a faded altar of an unknown god.
  2744 | D:3      | Reached XP level 5. HP: 42/42 MP: 5/5
  2755 | D:3      | Noticed an ogre
  2763 | D:3      | Slain by an ogre

Illustrated notes

Levels and vault maps discovered:
D:1:      dpeg_arrival_tiny_b, layout_loops_cross, minmay_distorted
D:2:      layout_rooms, shapermc_ecumenical_altar_pompeii, serial_shops, shop,
          roderic_roman_lattice, minivault_4
D:3:      layout_basic, nicolae_overflow_hidden_temple

Skill      XL: |  1  2 |
---------------+-------+-----
Long Blades    | 2 |  2.7
Armour         | 3 |  3.4
Shields        | 3 |  3.4
Fighting       | |  3.8

Action                   |  1- 3 |  4- 6 || total
-------------------------+-------+-------++-------
Melee: Long sword        |   136 |    98 ||   234
Armor: Scale mail        |    75 |    61 ||   136
Dodge: Dodged            |    65 |    59 ||   124
Block: Buckler           |    48 |    39 ||    87

Table legend: (Time is in decaauts)
 A = Elapsed time spent in this place.
 B = Non-inter-level travel time spent in this place.
 C = Inter-level travel time spent in this place.
 D = Time resting spent in this place.
 E = Time spent auto-exploring this place.
 F = Levels seen in this place.
 G = Mean time per level.
                   A        B        C        D        E       F      G
               +--------+--------+--------+--------+--------+-----+--------+
         Total |   2840 |   2776 |     64 |    195 |   2086 |   3 |  946.7 |
       Dungeon |   2840 |   2776 |     64 |    195 |   2086 |   3 |  946.7 |
               +--------+--------+--------+--------+--------+-----+--------+

Top non-repeatable levels by time:
     D:1: 1404 daAuts
     D:2: 1060 daAuts
     D:3: 375 daAuts
